Map: Persephone LE

Players

LoviuF - Winner!

  • Race: Protoss Protoss
  • League: Diamond
  • Spawn Location: 7:00

PhoenixTalks

  • Race: Protoss Protoss
  • League: Master
  • Spawn Location: 11:00

VOD

Have the link to the VOD?

Description

Time

  • Played on: June 8, 2025, 11 a.m.
  • Length: 11:43
Show
View Real Time Build Order
Export as new Build Order

LoviuF Protoss - Winner!

Build Orders:  

Get SALT Encoding   

  12  0:00  Probe  
  13  0:12  Probe  
  14  0:17  Pylon  
  14  0:23  Probe  
  15  0:31  Probe  
  15  0:37  Gateway  
  15  0:39  Probe  
  16  0:45  Assimilator  
  17  0:51  Probe  
  17  0:54  Assimilator  
  18  1:00  Probe  
  19  1:08  Gateway, Probe  
  19  1:18  Probe  
  21  1:27  Cybernetics Core  
  21  1:30  Probe  
  22  1:34  Pylon  
  22  1:43  Probe  
  23  1:56  Probe  
  24  2:01  Stalker  
  24  2:02  Stalker  
  24  2:05  Warp Gate  
  28  2:11  Probe  
  29  2:16  Pylon  
  29  2:29  Robotics Facility  
  29  2:44  Nexus  
  29  2:56  Adept  
  29  2:57  Adept  
  33  3:03  Pylon  
  33  3:08  Immortal  
  37  3:21  Probe  
  38  3:37  Probe  
  39  3:48  Immortal  
  43  3:49  Probe  
  44  3:56  Gateway  
  44  4:01  Sentry x2  
  44  4:02  Probe  
  49  4:04  Probe  
  46  4:14  Probe  
  47  4:18  Probe  
  46  4:26  Probe  
  46  4:28  Warp Prism  
  46  4:30  Probe  
  50  4:38  Gateway  
  48  4:40  Probe  
  48  4:42  Probe  
  48  4:45  Pylon  
  50  4:46  Sentry  
  50  4:49  Sentry  
  50  4:52  Probe  
  55  4:56  Probe  
  55  4:58  Sentry  
  58  5:05  Pylon  
  58  5:14  Probe  
  58  5:17  Pylon  
  58  5:19  Adept x2  
  63  5:37  Probe x2  
  63  5:39  Nexus  
  65  5:45  Stalker x4  
  73  5:50  Shield Battery  
  73  5:56  Shield Battery  
  73  5:57  Probe x2  
  73  6:00  Assimilator  
  73  6:02  Assimilator  
  73  6:04  Observer, Pylon  
  76  6:17  Adept x4  
  82  6:27  Probe x2  
  82  6:32  Protoss Ground Weapons Level 1  
  84  6:34  Forge, Twilight Council  
  84  6:39  Probe x2, Adept x2  
  90  6:43  Pylon  
  90  6:48  Observer  
  90  6:50  Charge  
  90  6:51  Probe  
  90  6:52  Probe  
  93  7:03  Probe  
  93  7:04  Probe  
  93  7:09  Probe  
  93  7:15  Probe  
  93  7:16  Probe  
  93  7:21  Probe  
  95  7:23  Pylon  
  95  7:24  Zealot x4  
  95  7:27  Probe  
  105  7:30  Probe  
  105  7:33  Probe  
  106  7:37  Gateway  
  106  7:39  Observer, Gateway, Probe  
  106  7:43  Gateway  
  106  7:44  Gateway  
  107  7:47  Gateway  
  107  7:48  Gateway  
  107  7:49  Probe  
  107  7:50  Probe  
  109  8:06  Probe x3  
  109  8:07  Assimilator  
  109  8:09  Zealot x4  
  120  8:16  Templar Archives, Protoss Ground Weapons Level 2  
  120  8:18  Pylon  
  120  8:20  Probe x3  
  120  8:26  Assimilator  
  123  8:30  Gateway  
  111  8:43  Zealot x3  
  113  8:50  Zealot x5  
  117  9:00  High Templar x2  
  121  9:09  Archon  
  117  9:11  Zealot x8  
  133  9:17  Pylon  
  133  9:37  Zealot x7  
  133  9:38  Zealot x2  
  101  10:01  High Templar x9  
  101  10:05  Sentry  
  101  10:07  Archon x4  
  121  10:10  Pylon  
  121  10:11  Nexus  
  121  10:12  Pylon  
  121  10:21  High Templar  
  121  10:27  Archon  
  123  10:33  High Templar  
  123  10:34  Zealot x4, High Templar  
  123  10:35  Zealot x4  
  143  10:40  Pylon  
  143  10:42  Archon  
  143  10:52  Probe x3  
  146  11:03  Zealot x4  
  146  11:04  Zealot x3  
  156  11:10  Stalker x2  
  120  11:23  Zealot x2  
  120  11:24  Stalker x3  
  120  11:30  Zealot x2  
Show
View Real Time Build Order
Export as new Build Order

PhoenixTalks Protoss 

Build Orders: Phoenix Opening, Blink Stalkers 

Get SALT Encoding   

  12  0:00  Probe  
  13  0:12  Probe  
  14  0:17  Pylon  
  14  0:23  Probe  
  15  0:31  Probe  
  16  0:36  Gateway  
  16  0:39  Probe  
  16  0:46  Assimilator  
  17  0:51  Probe  
  17  0:55  Assimilator  
  18  0:59  Probe  
  19  1:07  Probe  
  19  1:13  Gateway  
  19  1:17  Probe  
  20  1:25  Cybernetics Core  
  21  1:31  Probe  
  22  1:38  Pylon  
  22  1:43  Probe  
  23  1:56  Probe  
  23  1:58  Stalker  
  24  2:01  Sentry  
  24  2:05  Warp Gate  
  24  2:08  Probe  
  29  2:17  Pylon  
  29  2:20  Probe, Pylon  
  30  2:32  Stalker  
  32  2:39  Shield Battery  
  32  2:43  Phoenix  
  32  2:44  Stalker  
  34  3:03  Nexus  
  34  3:14  Twilight Council  
  34  3:16  Probe  
  35  3:28  Probe  
  35  3:31  Blink  
  36  3:40  Probe  
  37  3:44  Gateway  
  37  3:45  Gateway  
  37  3:52  Probe  
  38  4:05  Probe  
  37  4:15  Stalker  
  37  4:17  Probe  
  36  4:28  Probe, Stalker  
  36  4:29  Probe  
  39  4:37  Probe  
  39  4:41  Probe  
  39  4:43  Sentry  
  39  4:45  Probe  
  43  4:47  Stalker  
  46  4:53  Probe  
  46  4:55  Probe, Stalker  
  50  5:01  Stalker  
  50  5:05  Probe  
  53  5:08  Robotics Facility  
  53  5:10  Probe  
  54  5:23  Pylon  
  54  5:24  Charge, Pylon  
  54  5:41  Probe x2  
  56  5:45  Stalker x3  
  56  5:47  Stalker  
  64  5:53  Probe x2  
  66  6:00  Observer  
  67  6:05  Assimilator, Probe x2  
  67  6:07  Assimilator  
  69  6:17  Probe  
  70  6:28  Nexus  
  70  6:31  Pylon  
  70  6:33  Pylon  
  70  6:42  Immortal  
  70  6:45  Robotics Bay  
  70  6:49  Probe x2  
  70  6:52  Gateway  
  76  7:01  Probe x2  
  78  7:12  Stalker x3  
  78  7:13  Probe  
  78  7:14  Probe  
  86  7:27  Disruptor  
  86  7:32  Pylon  
  86  7:38  Probe  
  86  7:40  Probe x2  
  86  7:41  Pylon  
  93  7:45  Zealot  
  93  7:46  Probe  
  96  7:52  Probe x2  
  96  7:56  Probe  
  96  7:57  Disruptor, Zealot x2  
  102  8:04  Probe x2  
  109  8:06  Zealot  
  109  8:07  Zealot  
  113  8:12  Zealot  
  113  8:17  Probe x2  
  117  8:26  Gateway  
  117  8:28  Gateway  
  117  8:30  Pylon  
  117  8:38  Disruptor  
  117  8:44  Probe x3  
  99  8:55  Zealot x5  
  99  8:57  Probe  
  104  9:11  Disruptor, Probe  
  104  9:13  Shield Battery  
  104  9:15  Shield Battery  
  104  9:16  Gateway, Zealot x3  
  104  9:17  Gateway, Zealot x2  
  117  9:18  Probe  
  117  9:23  Templar Archives  
  120  9:25  Forge  
  120  9:29  Zealot x2  
  120  9:30  Protoss Ground Weapons Level 1  
  124  9:32  Assimilator  
  118  9:40  Zealot x4  
  106  9:47  Zealot  
  106  9:52  Zealot x2  
  82  9:56  Probe x2  
  82  9:57  Probe  
  83  10:05  Probe  
  83  10:08  Probe x2  
  83  10:13  Probe  
  86  10:14  High Templar x2  
  86  10:17  High Templar x2  
  86  10:19  Archon  
  86  10:20  Probe x2  
  97  10:21  Archon  
  97  10:22  High Templar x2  
  97  10:24  Probe, High Templar x2  
  97  10:26  Archon  
  106  10:28  Archon  
  106  10:32  Assimilator, Probe x2  
  108  10:36  Probe  
  109  10:45  Nexus  
  109  10:46  Pylon  
  109  10:47  High Templar x2  
  109  10:48  Zealot  
  115  10:51  Archon  
  115  10:52  Probe  
  115  10:55  Zealot x3  
  122  10:58  Zealot  
  122  11:00  Probe  
  125  11:04  Probe x2  
  99  11:12  Zealot x3  
  89  11:24  Zealot x4  
  87  11:32  Zealot x2  
Tags
 
Add a new tag
Caveats
  • Supply blocks, unpowered buildings, or Contaminate may cause inaccurate times.
  • Supply counts are checked every 10 seconds.